 Dungeon Crawl Stone Soup version 0.27.0-1-g7a089689b8 (webtiles) character file.

Game seed: 16644824630242890069

66 ZARRMARR the Skirmisher (level 3, -9/34 HPs)
             Began as a Minotaur Berserker on Aug 14, 2021.
             Was a Believer of Trog.
             Mangled by an ogre (15 damage)
             ... on level 4 of the Dungeon.
             The game lasted 00:06:12 (1563 turns).

ZARRMARR the Skirmisher (Minotaur Berserker)        Turns: 1563, Time: 00:06:13

Health: -9/34      AC:  2    Str: 21    XL:     3   Next: 96%
Magic:  2/2        EV:  9    Int:  4    God:    Trog [**....]
Gold:   69         SH:  7    Dex: 10    Spells: 2/2 levels left

rFire    . . .     SeeInvis .   a - +0 mace
rCold    + . .     Faith    .   f - +0 kite shield
rNeg     . . .     Spirit   .   b - +0 animal skin
rPois    .         Reflect  .   (helmet restricted)
rElec    .         Harm     .   (no cloak)
rCorr    .         Rampage  .   (no gloves)
Will     ++...                  (no boots)
Stlth    +.........             c - amulet of regeneration
HPRegen  2.11/turn              g - ring of protection from cold
MPRegen  0.08/turn              (no ring)

@: strong-willed, regenerating
A: horns 2, retaliatory headbutt
a: Renounce Religion, Berserk, Trog's Hand


You were on level 4 of the Dungeon.
You worshipped Trog.
Trog was pleased with you.
You visited 1 branch of the dungeon, and saw 3 of its levels.

You collected 69 gold pieces.

Inventory:

Hand Weapons
 a - a +0 mace (weapon)
Missiles
 h - 28 stones (quivered)
Armour
 b - a +0 animal skin (worn)
 f - a +0 kite shield (worn)
Jewellery
 c - an amulet of regeneration (around neck)
 g - a ring of protection from cold (left hand)
Scrolls
 i - a scroll of fog
 j - a scroll of teleportation {unknown}
 k - a scroll of blinking {unknown}
Potions
 d - a potion of flight {unknown}
 e - 3 potions of curing {unknown}


   Skills:
 + Level 4.7 Fighting
 + Level 4.5 Maces & Flails
 + Level 2.5 Armour
 + Level 2.8 Dodging


You had 2 spell levels left.
You didn't know any spells.
Your spell library was empty.

Dungeon Overview and Level Annotations

Branches:
Dungeon (2/15)

Altars:

Annotations:
D:4 Menkaure


Innate Abilities, Weirdness & Mutations

You have a pair of horns on your head.
You reflexively headbutt those who attack you in melee.


Message History

Aim: a quokka (43% to hit)
You throw a stone. The stone hits the quokka.
The quokka is moderately wounded.
You miss the quokka. Your headbutt misses the quokka.
The quokka is moderately wounded.
The quokka bites you. You block the quokka's attack.
You closely miss the quokka. Your headbutt misses the quokka.
The quokka closely misses you. You block the quokka's attack.
You hit the quokka.
The quokka is heavily wounded.
The quokka bites you.
You hit the quokka.
You kill the quokka!
Trog accepts your kill.
You fall into a shaft and drop 2 floors!
The shaft crumbles and collapses.
Menkaure, Prince of Dust comes into view.
Menkaure shouts!
A goblin comes into view.
It is wielding a +0 dagger of protection.
The goblin shouts!
An ufetubus comes into view.
The ufetubus shouts!
An ogre comes into view. It is wielding a +0 giant club.
The ogre shouts!
Found an embroidered scarf.
Found an escape hatch in the ceiling.
The ufetubus barely misses you. The ufetubus closely misses you.
Menkaure calls on the powers of darkness!
The ogre convulses!
The goblin convulses!
Your body is wracked with pain!
The ufetubus hits you. x2; The ogre hits you with a +0 giant club.
* * * LOW HITPOINT WARNING * * *
The ufetubus hits you.
* * * LOW HITPOINT WARNING * * *
You block the ufetubus's attack.
Your skin crawls.
You feel strong-willed. The ufetubus hits you.
* * * LOW HITPOINT WARNING * * *
The ufetubus hits you but does no damage.
The ogre hits you with a +0 giant club!
You die...

#######...
#........#
#........#
#........#
#........#
#........#
#...Og...#
#..<@M...#
#....5...#
#..........#
#........###
#..........
#....[...###
#........#
##########


You could see an ogre, Menkaure, an ufetubus and a goblin.

Vanquished Creatures
  2 adders (D:2)
  3 dart slugs
  5 ball pythons (D:1)
  5 bats
  3 endoplasms
  2 giant cockroaches
  6 goblins (D:1)
  A hobgoblin (D:1)
  4 jackals (D:2)
  2 kobolds (D:1)
  A quokka (D:2)
  A frilled lizard (D:2)
  2 rats (D:1)
37 creatures vanquished.

Notes
Turn   | Place    | Note
-------+----------+-------------------------------------------
     0 | D:1      | ZARRMARR the Minotaur Berserker began the quest for the
                  | Orb.
     0 | D:1      | Reached XP level 1. HP: 19/19 MP: 0/0
   238 | D:1      | Reached XP level 2. HP: 27/27 MP: 1/1
   702 | D:1      | Reached ** piety under Trog
   704 | D:1      | Reached XP level 3. HP: 34/34 MP: 2/2
  1540 | D:2      | Found a faded altar of an unknown god.
  1558 | D:2      | You fall into a shaft and drop 2 floors!
  1558 | D:4      | Noticed Menkaure
  1558 | D:4      | Noticed an ogre
  1563 | D:4      | Mangled by an ogre

Illustrated notes

Levels and vault maps discovered:
D:1:      lightli_arrival_noodles, layout_basic
D:2:      layout_rooms, hellmonk_ecumenical_altar_crossroads,
          mrwooster_statue_mirror
D:4:      minmay_octagon_keep, layout_basic, serial_rivers,
          chequers_serial_rivers_micro_c, chequers_serial_rivers_room_b,
          chequers_serial_rivers_small_3, chequers_serial_rivers_micro_a,
          uniq_menkaure

Skill      XL: |  1  2 |
---------------+-------+-----
Fighting       | 4 |  4.7
Maces & Flails | 4 |  4.5
Armour         | |  2.5
Dodging        | |  2.8

Action                   || total
-------------------------++-------
Melee: Mace              ||    61
       Headbutt          ||     6
Throw: Stone             ||    14
Invok: Berserk           ||     8
       Trog's Hand       ||     1
  Use: Scroll            ||     1
 Stab: Sleeping          ||     1
Armor: Animal skin       ||    13
Dodge: Dodged            ||    45
Block: Kite shield       ||    11
